 Dungeon Crawl Stone Soup version 0.30-a0-591-g3c58d2bc28 (webtiles) character file.

Game seed: 15102763757048136392

2991 Newt the Cruncher (level 9, -3/69 HPs)
             Began as a Demonspawn Gladiator on Jan 4, 2023.
             Slain by a gnoll
             ... wielding a +0 spear
             ... led by a gnoll bouda
              (13 damage)
             ... on level 7 of the Dungeon.
             The game lasted 00:08:33 (6048 turns).

Newt the Cruncher (Demonspawn Gladiator)            Turns: 6048, Time: 00:08:33

Health: -3/69      AC: 12    Str: 19    XL:     9   Next: 54%
Magic:  9/9        EV: 13    Int:  9    God:
Gold:   304        SH:  9    Dex: 15    Spells: 8/8 levels left

rFire   . . .      SeeInvis .    p - +4 quarterstaff (chaos)
rCold   + . .      Faith    .    (shield currently unavailable)
rNeg    . . .      Spirit   .    b - +1 leather armour
rPois   .          Reflect  +    c - +0 helmet
rElec   .          Harm     .    n - +2 cloak {rCorr}
rCorr   +          Rampage  .    (no gloves)
Will    +....                    (no boots)
Stlth   ++                       s - amulet of reflection
HPRegen 0.31/turn                i - ring of willpower
MPRegen 0.11/turn                m - ring of protection from cold

@: studying Staves
A: hooves 1, foul stench 1, icemail 1, condensation shield
a: no special abilities


You were on level 7 of the Dungeon.
You visited 1 branch of the dungeon, and saw 7 of its levels.

You collected 364 gold pieces.
You spent 60 gold pieces at shops.

Inventory:

Hand Weapons
 a - a +0 rapier
 f - a +2 short sword of electrocution
 p - a +4 quarterstaff of chaos (weapon)
 r - a +2 dagger of pain
 t - a +2 trident of flaming
 y - a +2 short sword of venom
Missiles
 d - 2 throwing nets (quivered)
 e - 6 javelins
 o - 11 boomerangs
Armour
 b - a +1 leather armour (worn)
 c - a +0 helmet (worn)
 n - a +2 cloak of preservation (worn)
 x - a scarf of invisibility
 E - a +0 tower shield
Jewellery
 i - a ring of willpower (left hand)
 k - a ring of ice
 m - a ring of protection from cold (right hand)
 s - an amulet of reflection (around neck)
 A - a ring of willpower
 B - a ring of poison resistance
Wands
 v - a wand of light (11)
Scrolls
 g - a scroll of noise
 h - 3 scrolls of teleportation
 u - 3 scrolls of enchant weapon
 F - a scroll of blinking
 G - 2 scrolls of amnesia
 K - a scroll of fear
Potions
 j - 3 potions of curing
 l - a potion of might
 q - 2 potions of ambrosia
 w - a potion of berserk rage
 z - 3 potions of magic
 C - 2 potions of flight
 D - a potion of cancellation
 H - a potion of attraction
 I - a potion of invisibility
 J - a potion of haste {unknown}


   Skills:
 - Level 6.0 Fighting
 - Level 4.0 Short Blades
 - Level 10.0 Staves
 - Level 3.0 Throwing
 + Level 3.9 Armour
 - Level 4.0 Dodging
 - Level 2.0 Stealth
 - Level 4.0 Shields
 - Level 3.0 Evocations


You had 8 spell levels left.
You didn't know any spells.
Your spell library was empty.

Dungeon Overview and Level Annotations

Branches:
Dungeon (7/15)
 Temple: D:4-7

Altars:
Nemelex Xobeh
Qazlal
Sif Muna
Yredelemnul

Shops:
D:1 *   D:4 (   D:5 [

Annotations:
D:7 3 runed translucent doors


Innate Abilities, Weirdness & Mutations

You have large cloven feet.
You may rarely emit foul miasma when damaged in melee.
A meltable icy envelope protects you from harm. (AC +4)
A meltable shield of frost defends you. (SH +4)


Message History

You struggle against the net.
Your attacks no longer feel as feeble.
The gnoll bouda barely misses you. The gnoll closely misses you.
The gnoll hits you from afar with a +0 spear.
The gnoll hits you from afar with a +0 halberd!
You shred the net and break free! The gnoll bouda misses you.
The gnoll hits you from afar with a +0 spear.
You block the gnoll's attack. The gnoll closely misses you.
You closely miss the gnoll bouda. You kick the gnoll bouda.
The gnoll bouda is severely wounded.
You block the gnoll bouda's attack.
The gnoll hits you from afar with a +0 spear.
* * * LOW HITPOINT WARNING * * *
The gnoll misses you.
The gnoll hits you from afar with a +0 spear.
* * * LOW HITPOINT WARNING * * *
You feel better.
The gnoll bouda hits you with a +0 club.
* * * LOW HITPOINT WARNING * * *
The gnoll barely misses you.
The gnoll hits you from afar with a +0 spear.
* * * LOW HITPOINT WARNING * * *
You block the gnoll's attack.
You sock the gnoll bouda!
You kill the gnoll bouda!
The gnoll hits you from afar with a +0 spear!
* * * LOW HITPOINT WARNING * * *
You block the gnoll's attack. x2
The gnoll barely misses you. You block the gnoll's attack.
The gnoll hits you with a +0 spear.
* * * LOW HITPOINT WARNING * * *
You feel better. You block the gnoll's attack. The gnoll closely misses you.
The gnoll hits you with a +0 spear.
* * * LOW HITPOINT WARNING * * *
You sock the gnoll!
The gnoll seems to slow down.
You kick the gnoll.
You kill the gnoll!
The gnoll hits you with a +0 spear.
* * * LOW HITPOINT WARNING * * *
The gnoll hits you with a +0 spear!
You die...

#........#
♣#..###.#.# .#.
#.#.# .#..###.# .
.+.....$# ##
.+......###########
.+................#
.#.......)........#
.#.........@...#..
♣#........)gg....#
####.........._.#
#............#
#.....##.#.#.#
#$....# .#...#
#.....# .. .#
#..... ## ##


You could see 2 gnolls.

Vanquished Creatures
  The ghost of arthad the Digger, a novice MeEE of Vehumet (D:5)
  A polar bear (shapeshifter) (D:6)
  Grinder (D:3)
  Sigmund (D:3)
  Eustachio (D:4)
  A water moccasin (D:6)
  A black bear (D:4)
  An orc warrior (D:6)
  A sky beast (D:6)
  An ogre (D:4)
  3 phantoms
  4 scorpions
  A howler monkey (D:5)
  4 orc priests
  3 hounds
  3 jellies
  A gnoll bouda (D:7)
  Jessica (D:3)
  3 iguanas (D:5)
  Crazy Yiuf (D:2)
  Natasha (thrice) (D:2)
  9 orc wizards
  Robin (D:3)
  10 gnolls
  8 adders
  A white imp (D:6)
  2 ufetubi
  A dart slug (D:2)
  15 orcs
  3 bats
  4 endoplasms
  3 giant cockroaches
  11 goblins
  10 hobgoblins
  4 jackals (D:5)
  4 quokkas
  9 ball pythons
  2 frilled lizards
  9 kobolds
  2 rats (D:2)
145 creatures vanquished.

Vanquished Creatures (others)
  An orc wizard (D:5)
  An orc (D:3)
2 creatures vanquished.

Grand Total: 147 creatures vanquished

Notes
Turn   | Place    | Note
-------+----------+-------------------------------------------
     0 | D:1      | Newt the Demonspawn Gladiator began the quest for the Orb.
     0 | D:1      | Reached XP level 1. HP: 16/16 MP: 1/1
     6 | D:1      | Found Estruc's General Store.
    47 | D:1      | Reached skill level 1 in Stealth
    84 | D:1      | Gained mutation: A meltable shield of frost defends you.
                  | (SH +4) [demonic ancestry]
    84 | D:1      | Reached XP level 2. HP: 16/22 MP: 2/2
   851 | D:1      | Bought a scroll of identify for 24 gold pieces
   851 | D:1      | Bought a potion of curing for 36 gold pieces
   885 | D:2      | Noticed Natasha
   892 | D:2      | Noticed a crimson imp
   894 | D:2      | Killed Natasha
   895 | D:2      | Gained mutation: You may rarely emit foul miasma when
                  | damaged in melee. [demonic ancestry]
   895 | D:2      | Reached XP level 3. HP: 11/29 MP: 3/3
  1157 | D:2      | Gained mutation: You have large cloven feet. [demonic
                  | ancestry]
  1157 | D:2      | Reached XP level 4. HP: 37/37 MP: 4/4
  1193 | D:2      | Found a runed translucent door.
  1194 | D:2      | Noticed Crazy Yiuf
  1230 | D:2      | Killed Crazy Yiuf
  1363 | D:2      | Noticed Natasha
  1378 | D:2      | Reached skill level 1 in Armour
  1378 | D:2      | Killed Natasha
  1426 | D:2      | Noticed Natasha
  1440 | D:2      | Killed Natasha
  1441 | D:2      | Reached XP level 5. HP: 34/42 MP: 5/5
  1540 | D:3      | Noticed Jessica
  1542 | D:3      | Noticed Grinder
  1703 | D:3      | Killed Jessica
  1726 | D:3      | Killed Grinder
  1727 | D:3      | Reached XP level 6. HP: 25/48 MP: 6/6
  1812 | D:3      | Noticed Sigmund
  2307 | D:3      | Killed Sigmund
  2308 | D:3      | Reached XP level 7. HP: 42/55 MP: 7/7
  2420 | D:3      | Noticed Robin
  2435 | D:3      | Killed Robin
  2683 | D:3      | Reached skill level 5 in Fighting
  3258 | D:4      | Reached skill level 1 in Evocations
  3308 | D:4      | Gained mutation: A meltable icy envelope protects you from
                  | harm. (AC +4) [demonic ancestry]
  3308 | D:4      | Reached XP level 8. HP: 40/64 MP: 8/8
  3403 | D:4      | Found Lamoroze's Antique Weapon Shop.
  3414 | D:4      | Noticed Eustachio
  3442 | D:4      | Killed Eustachio
  3443 | D:4      | Reached skill level 1 in Shields
  3763 | D:4      | Found a basalt altar of Yredelemnul.
  3766 | D:4      | Noticed a profane servitor
  3787 | D:4      | Noticed an angel
  3908 | D:5      | Entered Level 5 of the Dungeon
  3973 | D:5      | Reached skill level 1 in Staves
  4011 | D:5      | Reached skill level 2 in Staves
  4020 | D:5      | Reached skill level 3 in Staves
  4127 | D:5      | Found a runed translucent door.
  4168 | D:5      | Reached skill level 4 in Staves
  4218 | D:5      | Found Narejacw's Antique Armour Boutique.
  4420 | D:5      | Reached skill level 5 in Staves
  4494 | D:5      | Found a stormy altar of Qazlal.
  4497 | D:5      | Noticed an air elemental
  4885 | D:5      | Noticed arthad's ghost (novice MeEE)
  4917 | D:5      | Killed arthad's ghost
  4918 | D:5      | Reached skill level 7 in Staves
  4918 | D:5      | Reached XP level 9. HP: 39/69 MP: 9/9
  5173 | D:6      | Reached skill level 8 in Staves
  5266 | D:6      | Found a shimmering blue altar of Sif Muna.
  5331 | D:6      | Reached skill level 9 in Staves
  5658 | D:6      | a shapeshifter changed into a polar bear
  5658 | D:6      | Noticed a polar bear (shapeshifter)
  5665 | D:6      | Killed a polar bear
  5666 | D:6      | Reached skill level 10 in Staves
  5816 | D:6      | Identified the +5 scale mail "Opruwec" {rN+}
  6023 | D:7      | Found a runed translucent gate.
  6023 | D:7      | Found a runed translucent gate.
  6023 | D:7      | Found a runed translucent gate.
  6026 | D:7      | Found a sparkling altar of Nemelex Xobeh.
  6048 | D:7      | Slain by a gnoll

Illustrated notes

Levels and vault maps discovered:
D:1:      dpeg_arrival_solitude, layout_loops_corners, serial_shops, shop,
          st_stairs_4
D:2:      layout_basic, uniq_crazy_yiuf_cottage, uniq_natasha
D:3:      layout_rooms, minmay_crystal_water, uniq_jessica, uniq_robin,
          uniq_sigmund, uniq_grinder
D:4:      layout_rooms, grunt_temple_overflow_holy_war, serial_shops,
          nicolae_shop_hallway_stairs, minmay_manual_macuahuitl, uniq_eustachio
D:5:      layout_loops_corners, nicolae_qazlal_style_of_elements, serial_glass,
          glass_columns_c, glass_columns_b, serial_shops, shop,
          ebering_ghost_reflecting_pool
D:6:      layout_basic, kennysheep_orc_sif_temple, serial_curves,
          eino_curves_04, eino_curves_04, eino_curves_03, eino_curves_03,
          hex_intersection
D:7:      layout_basic, elyvilon_altar_4, mainiacjoe_overflow_tiny_flanked,
          temple_pool_b, gammafunk_ghost_cemetery

Skill      XL: |  1  2  3  4  5  6  7  8  9 |
---------------+----------------------------+-----
Stealth        | 1 2 |  2.0
Fighting       | 3 4 6 |  6.0
Armour         | 2 3 |  3.9
Short Blades   | 4 |  4.0
Dodging        | 3 4 |  4.0
Throwing       | 3 |  3.0
Evocations     | 2 3 |  3.0
Shields        | 4 |  4.0
Staves         | 7 10 | 10.0

Action                   |  1- 3 |  4- 6 |  7- 9 || total
-------------------------+-------+-------+-------++-------
Melee: Short sword       |    77 |    77 |   253 ||   407
       Rapier            |     2 |       |       ||     2
       Kick              |       |    17 |   116 ||   133
       Punch             |       |       |     3 ||     3
       Quarterstaff      |       |       |   137 ||   137
Throw: Throwing net      |       |     2 |       ||     2
  Use: Scroll            |     6 |       |    11 ||    17
       Potion            |       |       |     3 ||     3
 Stab: Sleeping          |     3 |     3 |     7 ||    13
Armor: Leather armour    |    11 |     9 |   111 ||   131
Dodge: Dodged            |    45 |    30 |   142 ||   217
Block: Other             |     8 |     6 |   114 ||   128
       Tower shield      |       |       |   121 ||   121
       Reflection        |       |       |     2 ||     2

Table legend: (Time is in decaauts)
 A = Elapsed time spent in this place.
 B = Non-inter-level travel time spent in this place.
 C = Inter-level travel time spent in this place.
 D = Time resting spent in this place.
 E = Time spent auto-exploring this place.
 F = Levels seen in this place.
 G = Mean time per level.
                   A        B        C        D        E       F      G
               +--------+--------+--------+--------+--------+-----+--------+
         Total |   6029 |   5888 |    141 |    981 |   3747 |   7 |  861.3 |
       Dungeon |   6029 |   5888 |    141 |    981 |   3747 |   7 |  861.3 |
               +--------+--------+--------+--------+--------+-----+--------+

Top non-repeatable levels by time:
     D:2: 1247 daAuts
     D:5: 1174 daAuts
     D:4: 1099 daAuts
     D:6: 941 daAuts
     D:1: 866 daAuts
     D:3: 669 daAuts
     D:7: 30 daAuts
